 Dungeon Crawl Stone Soup version 0.29.1-15-g9cfb28693d (webtiles) character file.

Game seed: 4938142353830230301

1314 DemonSlayer the Digger (level 8, 0/53 HPs)
             Began as a Demonspawn Earth Elementalist on Mar 1, 2023.
             Was an Initiate of Gozag.
             Slain by a two-headed ogre
             ... wielding a +0 giant spiked club
              (22 damage)
             ... on level 6 of the Dungeon.
             The game lasted 00:10:46 (5744 turns).

DemonSlayer the Digger (DsEE)                       Turns: 5744, Time: 00:10:49

Health: 0/53       AC:  5    Str: 15    XL:     8   Next: 32%
Magic:  15/17      EV: 14    Int: 16    God:    Gozag
Gold:   188        SH:  0    Dex: 15    Spells: 2/19 levels left

rFire   . . .      SeeInvis +   p - +3 dagger "Eviscerator" {flame, SInv}
rCold   . . .      Faith    .   (no shield)
rNeg    + . .      Spirit   .   q - +2 robe {Will+}
rPois   +          Reflect  .   (no helmet)
rElec   .          Harm     .   l - +0 cloak
rCorr   .          Rampage  .   (no gloves)
Will    +....                   (no boots)
Stlth   +++.......              (no amulet)
HPRegen 0.17/turn               a - ring of Xecuwn {*Corrode +Blink rPois rN+ Str+5}
MPRegen 0.15/turn               (no ring)

@: no status effects
A: repulsion field 1, demonic magic 1, weakness stinger 1
a: Renounce Religion, Evoke Blink, Potion Petition, Call Merchant, Bribe Branch


You were on level 6 of the Dungeon.
You worshipped Gozag.
Gozag was aware of your devotion.
You visited 1 branch of the dungeon, and saw 6 of its levels.

You collected 437 gold pieces.
You spent 147 gold pieces at shops.
You paid 102 gold pieces to Gozag.

Inventory:

Hand Weapons
 p - the +3 dagger "Eviscerator" (weapon) {flame, SInv}
   (You bought it in a shop on level 3 of the Dungeon)

   It burns those it strikes, dealing additional fire damage.
   SInv:      It lets you see invisible.
Armour
 l - a +0 cloak (worn)
 q - a +2 robe of willpower (worn)
Jewellery
 a - the ring of Xecuwn (left hand) {*Corrode +Blink rPois rN+ Str+5}
   (You found it on level 2 of the Dungeon)

   [ring of poison resistance]

   Str:       It affects your strength (+5).
   rPois:     It protects you from poison.
   rN:        It protects you from negative energy.
   +Blink:    It lets you blink.
   *Corrode:  It may corrode you when you take damage.
Scrolls
 c - a scroll of fear {unknown}
 d - a scroll of enchant weapon {unknown}
 e - a scroll of silence
 f - 2 scrolls of amnesia {unknown}
 i - 3 scrolls of fog {unknown}
 j - 2 scrolls of vulnerability
 m - 3 scrolls of teleportation {unknown}
 t - a scroll of enchant armour {unknown}
 v - a scroll of poison {unknown}
 w - a scroll of brand weapon {unknown}
Potions
 b - a potion of magic
 g - a potion of lignification {unknown}
 h - 2 potions of mutation
 k - 3 potions of heal wounds
 n - 2 potions of curing
 o - a potion of degeneration {unknown}
 r - a potion of brilliance {unknown}
 s - 2 potions of attraction {unknown}
 u - 2 potions of ambrosia {unknown}


   Skills:
 + Level 0.8 Fighting
 + Level 0.2 Short Blades
 + Level 0.5 Polearms
 + Level 1.3 Armour
 + Level 2.3 Dodging
 + Level 4.3 Stealth
 + Level 6.0 Spellcasting
 + Level 0.8 Transmutations
 + Level 6.1 Earth Magic


You had 2 spell levels left.
You knew the following spells:

 Your Spells              Type           Power      Damage    Failure   Level
a - Sandblast             Erth           48%        2d12      1%          1
b - Passwall              Tmut/Erth      13%        N/A       4%          2
c - Stone Arrow           Conj/Erth      28%        3d8       12%         3
d - Petrify               Tmut/Erth      16%        N/A       32%         4
e - Ignite Poison         Fire/Tmut/Pois 5%         N/A       36%         3
f - Sticky Flame          Conj/Fire      4%         2d3       80%         4

Your spell library contained the following spells:

 Spells                   Type           Power      Damage    Failure   Level
 Wereblood                Tmut           7%         N/A       14%         2
 Ensorcelled Hibernation  Hex/Ice        8%         N/A       21%         2
 Sublimation of Blood     Necr           4%         N/A       21%         2
 Conjure Flame            Conj/Fire      4%         6-21      38%         3
 Swiftness                Air            4%         N/A       38%         3
 Summon Hydra             Summ           2%         N/A       100%        7
 Chain Lightning          Conj/Air       2%         3d2       100%        9
 Fire Storm               Conj/Fire      2%         8d1       100%        9
 Shatter                  Erth           12%        3d13*     100%        9


Dungeon Overview and Level Annotations

Branches:
Dungeon (6/15)             Temple (0/1) D:6

Altars:
Gozag
Hepliaklqana

Shops:
D:3 (


Innate Abilities, Weirdness & Mutations

You are surrounded by a mild repulsion field. (EV +2)
Spells you cast may paralyse adjacent enemies.
You have a small tail.


Message History

Malevolent energies surge around you. The orc warrior closely misses you.
The orc warrior hits you with a +0 scimitar.
The blast of sand hits the orc warrior!
The orc warrior is heavily wounded.
Malevolent energies surge around you. The orc warrior closely misses you.
The blast of sand hits the orc warrior.
The orc warrior is severely wounded.
Malevolent energies surge around you.
The orc warrior suddenly stops moving!
The helpless orc warrior fails to defend itself.
You puncture the orc warrior! You burn the orc warrior.
You kill the orc warrior!
Your Spellcasting skill increases to level 6!
You now have 174 gold pieces (gained 10).
Items here: )) [[.
You now have 179 gold pieces (gained 5).
There is a staircase to the Ecumenical Temple here.
You see here a +0 flail.
There is a fountain of clear blue water here.
You now have 188 gold pieces (gained 9).
Found a stone staircase leading down.
There is a stone staircase leading down here.
Found a hazy altar of Hepliaklqana.
There is a stone staircase leading down here.
w - a scroll labelled EXKOWISKIUWN A two-headed ogre comes into view.
It is wielding a +0 giant spiked club and a +0 giant club.
The two-headed ogre shouts in stereo!
A two-headed ogre is nearby!
A two-headed ogre is nearby!
A two-headed ogre is nearby!
The blast of sand hits the two-headed ogre.
The two-headed ogre is lightly wounded.
Malevolent energies surge around you.
The blast of sand hits the two-headed ogre.
The two-headed ogre is lightly wounded.
Malevolent energies surge around you.
The two-headed ogre hits you with a +0 giant spiked club!!
Ouch! That really hurt!
The two-headed ogre hits you with a +0 giant club!!
You die...
Your body crumbles into a pile of gold.

### #######.# #.......#
#.#####.# ## #.# #.# ..
#.# #.####.#### #.#
#.#........ ###
#.#####.#@O.....#
..######.##........#.#..
..............>###.._..
#.######.##.##..........
#........#..##.#########
#####......###.#
....'..........#
#####...)..###'###
#.....⌠......#


You could see a two-headed ogre.

Vanquished Creatures
  Grinder (D:3)
  An orc warrior (D:6)
  2 black bears (D:5)
  2 ogres
  Blork the orc (D:4)
  3 scorpions
  A necrophage (D:5)
  3 hounds
  A jelly (D:4)
  3 orc wizards (D:5)
  2 iguanas
  4 adders
  A worm (D:2)
  2 dart slugs
  8 orcs
  8 endoplasms
  4 giant cockroaches
  6 goblins
  A hobgoblin (D:4)
  9 jackals
  5 kobolds
  4 quokkas
  9 ball pythons
  5 bats
  A frilled lizard (D:3)
  8 rats
95 creatures vanquished.

Notes
Turn   | Place    | Note
-------+----------+-------------------------------------------
     0 | D:1      | DemonSlayer the Demonspawn Earth Elementalist began the
                  | quest for the Orb.
     0 | D:1      | Reached XP level 1. HP: 13/13 MP: 3/3
   314 | D:1      | Gained mutation: You are surrounded by a mild repulsion
                  | field. (EV +2) [demonic ancestry]
   314 | D:1      | Reached XP level 2. HP: 19/19 MP: 5/5
   779 | D:1      | Learned a level 2 spell: Passwall
  1184 | D:2      | Reached XP level 3. HP: 24/24 MP: 4/6
  1237 | D:2      | Identified the ring of Xecuwn {*Corrode +Blink rPois rN+
                  | Str+5}
  1303 | D:2      | Found a faded altar of an unknown god.
  2061 | D:2      | Learned a level 3 spell: Stone Arrow
  2112 | D:3      | Found Ubbit's Antique Weapon Boutique.
  2349 | D:3      | Gained mutation: Spells you cast may paralyse adjacent
                  | enemies. [demonic ancestry]
  2349 | D:3      | Reached XP level 4. HP: 30/30 MP: 6/8
  2466 | D:3      | Noticed Grinder
  2480 | D:3      | Paralysed by Grinder for 4 turns
  2493 | D:3      | Killed Grinder
  2494 | D:3      | Reached skill level 1 in Armour
  2494 | D:3      | Reached XP level 5. HP: 20/36 MP: 3/10
  2494 | D:3      | Reached XP level 6. HP: 23/42 MP: 3/11
  2710 | D:3      | Bought a crude dagger for 147 gold pieces
  2710 | D:3      | Identified the +3 dagger "Eviscerator" {flame, SInv} (You
                  | bought it in a shop on level 3 of the Dungeon)
  3702 | D:4      | Noticed Blork the orc
  3709 | D:4      | Killed Blork the orc
  3817 | D:4      | Reached XP level 7. HP: 47/47 MP: 10/13
  4068 | D:4      | Learned a level 4 spell: Petrify
  4079 | D:5      | Entered Level 5 of the Dungeon
  4249 | D:5      | Reached skill level 5 in Earth Magic
  4300 | D:5      | Reached skill level 5 in Spellcasting
  4469 | D:5      | Found an opulent altar of Gozag.
  4577 | D:5      | Became a worshipper of Gozag Ym Sagoz the Greedy
  4802 | D:5      | Gained mutation: You have a small tail. [demonic ancestry]
  4802 | D:5      | Reached XP level 8. HP: 53/53 MP: 12/16
  5447 | D:5      | Learned a level 3 spell: Ignite Poison
  5452 | D:5      | Learned a level 4 spell: Sticky Flame
  5559 | D:6      | Found a staircase to the Ecumenical Temple.
  5715 | D:6      | Found a hazy altar of Hepliaklqana.
  5742 | D:6      | Noticed a two-headed ogre
  5744 | D:6      | Slain by a two-headed ogre

Illustrated notes

Levels and vault maps discovered:
D:1:      lightli_arrival_boilingwater, layout_basic
D:2:      layout_loops_corners, hellmonk_ecumenical_altar_dog_temple
D:3:      layout_rooms, serial_shops, nicolae_shop_waterfront,
          nicolae_figureground_sparkle, uniq_grinder
D:4:      layout_rooms, minivault_5, uniq_blork_the_orc
D:5:      layout_layer_cave, mainiacjoe_overflow_boulevard, minmay_door_square
D:6:      layout_basic, temple_fountains, hangedman_feature_mirror,
          corner_web_ring, kennysheep_cluttered_room

Skill      XL: |  1  2  3  4  5  6  7  8 |
---------------+-------------------------+-----
Earth Magic    | 3 4 5 6 |  6.1
Stealth        | 2 3 4 |  4.3
Spellcasting   | 3 4 5 6 |  6.0
Armour         | 1 |  1.3
Dodging        | 2 |  2.3
Fighting       | |  0.8
Short Blades   | |  0.2
Polearms       | |  0.5
Transmutations | |  0.8

Action                   |  1- 3 |  4- 6 |  7- 9 || total
-------------------------+-------+-------+-------++-------
Melee: Spear             |    36 |     3 |       ||    39
       Dagger            |       |     5 |    12 ||    17
 Cast: Sandblast         |    54 |    37 |    68 ||   159
  Use: Potion            |       |     1 |     1 ||     2
       Scroll            |       |       |     4 ||     4
 Stab: Sleeping          |     6 |     1 |     1 ||     8
       Paralysed         |       |     7 |     8 ||    15
Armor: Robe              |     3 |       |     8 ||    11
       Leather armour    |     4 |     2 |       ||     6
Dodge: Dodged            |    25 |    11 |    26 ||    62
